 Dungeon Crawl Stone Soup version 0.26.0-15-gc6cd9f700b (webtiles) character file.

Game seed: 6176124208497634138

436 teolandon225 the Chopper (level 7, 0/61 HPs)
             Began as a Hill Orc Monk on Jan 16, 2021.
             Slain by an ogre
             ... wielding a +0 giant spiked club
              (33 damage)
             ... on level 5 of the Dungeon.
             The game lasted 00:11:22 (5329 turns).

teolandon225 the Chopper (Hill Orc Monk)            Turns: 5329, Time: 00:11:22

Health: 0/61       AC:  7    Str: 16    XL:     7   Next: 1%
Magic:  7/7        EV: 11    Int:  8    God:
Gold:   363        SH:  0    Dex: 13    Spells: 6/6 levels left

rFire    . . .     SeeInvis .   a - +0 hand axe
rCold    . . .     Faith    +   (no shield)
rNeg     . . .     Spirit   .   j - +0 scale mail
rPois    .         Reflect  .   (no helmet)
rElec    .         Harm     .   e - +0 cloak
rCorr    .         Rampage  .   (no gloves)
Will     .....                  (no boots)
Stlth    ..........             h - amulet of faith
HPRegen  0.20/turn              (no ring)
MPRegen  0.10/turn              (no ring)

@: lethally poisoned (0 -> -3)
A: dopey 1, sense surroundings 1
a: no special abilities


You were on level 5 of the Dungeon.
You visited 1 branch of the dungeon, and saw 5 of its levels.

You collected 363 gold pieces.

Inventory:

Hand Weapons
 a - a +0 hand axe (weapon)
Armour
 b - a +0 robe
 e - a +0 cloak (worn)
 j - a +0 scale mail (worn)
Jewellery
 h - an amulet of faith (around neck)
Scrolls
 d - 3 scrolls of teleportation
 i - 3 scrolls of remove curse
 k - 4 scrolls of identify
 o - 2 scrolls of amnesia
 p - a scroll of random uselessness {unknown}
Potions
 c - a potion of brilliance
 f - 2 potions of magic
 g - a potion of cancellation {unknown}
 l - 3 potions of flight {unknown}
 m - a potion of might {unknown}
 n - a potion of heal wounds {unknown}


   Skills:
 + Level 5.5 Fighting
 * Level 7.7 Axes
 + Level 3.7 Dodging
 - Level 1.5 Stealth


You had 6 spell levels left.
You didn't know any spells.
Your spell library contained the following spells:

 Spells                   Type           Power        Failure   Level
 Shock                    Conj/Air       0%           86%         1
 Swiftness                Air            0%           94%         2
 Static Discharge         Conj/Air       0%           99%         3
 Airstrike                Air            0%           100%        4
 Lightning Bolt           Conj/Air       0%           100%        5


Dungeon Overview and Level Annotations

Branches:
Dungeon (5/15)
 Temple: D:4-7

Altars:

Shops:
D:4 ::([


Innate Abilities, Weirdness & Mutations

You are dopey. (Int -2)
You passively map a small area around you.


Message History

The worker ant closely misses you.
You hit the worker ant.
The worker ant is almost dead.
The worker ant bites you.
You are poisoned.
The worker ant poisons you!
You hit the worker ant.
You kill the worker ant!
You feel sick.
You have reached level 7!
You barely miss the ogre.
The ogre hits you with a +0 giant spiked club!
You hit the ogre.
The ogre is lightly wounded.
You feel sick.
You hit the ogre.
The ogre is lightly wounded.
The ogre hits you with a +0 giant spiked club!!
Ouch! That really hurt!
You die...

#.#### #.# *
#.# ####.#
#....# *#####
,
#.######.....
#.# ....... ,
#.# *.......
#@# *.......
, #O#
.......,
#.####.......
#....'.......
######<......
* .......,
#######


You could see an ogre.

Vanquished Creatures
  An ogre (D:4)
  A bullfrog (D:3)
  Crazy Yiuf (D:2)
  A hound (D:5)
  Jessica (D:2)
  3 worker ants
  A hound skeleton (D:4)
  5 adders
  A shadow imp (D:5)
  A white imp (D:5)
  A dart slug (D:2)
  A leopard gecko (D:4)
  11 bats
  2 giant cockroaches
  9 hobgoblins
  8 jackals
  2 quokkas
  A ball python (D:2)
  7 frilled lizards
  6 goblins
  3 kobolds
  7 rats
74 creatures vanquished.

Notes
Turn   | Place    | Note
-------+----------+-------------------------------------------
     0 | D:1      | teolandon225 the Hill Orc Monk began the quest for the Orb.
     0 | D:1      | Reached XP level 1. HP: 19/19 MP: 1/1
   192 | D:1      | Reached XP level 2. HP: 23/27 MP: 2/2
  1072 | D:2      | Reached XP level 3. HP: 32/33 MP: 3/3
  1141 | D:2      | Noticed Jessica
  1149 | D:2      | Killed Jessica
  1150 | D:2      | Reached skill level 5 in Axes
  1293 | D:2      | Reached XP level 4. HP: 40/40 MP: 4/4
  1842 | D:2      | Found a runed translucent door.
  1843 | D:2      | Noticed Crazy Yiuf
  1852 | D:2      | Gained mutation: You are dopey. (Int -2) [potion of
                  | mutation]
  1852 | D:2      | Gained mutation: You passively map a small area around you.
                  | [potion of mutation]
  1857 | D:2      | Killed Crazy Yiuf
  2357 | D:3      | Reached XP level 5. HP: 39/47 MP: 5/5
  2598 | D:3      | Reached skill level 6 in Axes
  3063 | D:3      | Reached skill level 5 in Fighting
  3063 | D:3      | Reached XP level 6. HP: 39/56 MP: 6/6
  3526 | D:4      | Found Teisow's Antique Armour Shoppe.
  3606 | D:4      | Found Kueh Ike's Book Boutique.
  3682 | D:4      | Reached skill level 7 in Axes
  3833 | D:4      | Found Zeron's Distillery.
  3872 | D:4      | Found Neahoogi's Book Shop.
  4081 | D:4      | Found Fishyap's Weapon Boutique.
  4205 | D:5      | Entered Level 5 of the Dungeon
  5327 | D:5      | Reached XP level 7. HP: 46/61 MP: 7/7
  5329 | D:5      | Slain by an ogre

Illustrated notes

Levels and vault maps discovered:
D:1:      amcnicky_arrival_choice, layout_basic
D:2:      layout_rooms, grunt_decor_one_mirror, uniq_jessica,
          uniq_crazy_yiuf_cottage
D:3:      wander_river, layout_loops_cross
D:4:      layout_basic, serial_shops, nicolae_shop_competitors_out_of_business,
          kennysheep_mini, nicolae_shop_window_shopping, nicolae_shop_crystal,
          nicolae_shop_crystal
D:5:      layout_basic, temple_statues, kennysheep_big_empty_room

Skill      XL: |  1  2  3  4  5  6 |
---------------+-------------------+-----
Fighting       | 4 5 |  5.5
Axes           | 5 6 7 |  7.7
Dodging        | 3 |  3.7
Stealth        | |  1.5

Action                   |  1- 3 |  4- 6 |  7- 9 || total
-------------------------+-------+-------+-------++-------
Melee: Hand axe          |   115 |   205 |     3 ||   323
  Use: Scroll            |     1 |     6 |       ||     7
       Potion            |       |     3 |       ||     3
 Stab: Sleeping          |     3 |       |       ||     3
Armor: Robe              |    30 |       |       ||    30
       Scale mail        |     9 |    74 |       ||    83
Dodge: Dodged            |   127 |   118 |       ||   245
